 Dungeon Crawl Stone Soup version 0.30.1-3-gfc49f6343a (webtiles) character file.

Game seed: 4443221012393846721

37 Peloso the Covered (level 3, -4/33 HPs)
             Began as a Minotaur Fighter on July 26, 2023.
             Killed by nerve-wracking pain
             ... invoked by Jessica
              (10 damage)
             ... on level 2 of the Dungeon.
             The game lasted 00:01:59 (1414 turns).

Peloso the Covered (Minotaur Fighter)               Turns: 1414, Time: 00:02:01

Health: -4/33      AC:  8    Str: 20    XL:     3   Next: 23%
Magic:  2/2        EV:  9    Int:  5    God:
Gold:   129        SH:  4    Dex: 11    Spells: 2/2 levels left

rFire   . . .        a - +0 long sword
rCold   . . .        d - +0 buckler
rNeg    . . .        b - +0 scale mail
rPois   .            (helmet restricted)
rElec   .            c - +0 cloak
rCorr   .            (no gloves)
SInv    .            (no boots)
Will    .....        (no amulet) Stlth
                     (no ring)
HPRegen 0.25/turn    (no ring)
MPRegen 0.08/turn

%: no passive effects
@: lethally poisoned (-4 -> -15)
A: horns 2, retaliatory headbutt
a: no special abilities


You were on level 2 of the Dungeon.
You visited 1 branch of the dungeon, and saw 2 of its levels.

You collected 129 gold pieces.

Inventory:

Hand Weapons
 a - a +0 long sword (weapon)
Armour
 b - a +0 scale mail (worn)
 c - a +0 cloak (worn)
 d - a +0 buckler (worn)
Jewellery
 k - a ring of see invisible
Scrolls
 e - 2 scrolls of summoning {unknown}
 h - a scroll of immolation {unknown}
 i - a scroll of magic mapping {unknown}
 j - 2 scrolls of teleportation {unknown}
 l - a scroll of identify {unknown}
 m - a scroll of poison {unknown}
Potions
 f - 2 potions of haste
 g - 2 potions of might
 n - 2 potions of heal wounds


   Skills:
 + Level 4.0 Fighting
 + Level 3.1 Long Blades
 + Level 4.3 Armour
 + Level 3.8 Shields


You had 2 spell levels left.
You didn't know any spells.
Your spell library contained the following spells:

 Spells                   Type           Power      Damage    Failure   Level
 Magic Dart               Conj           0%         1d3       88%         1
 Shock                    Conj/Air       0%         1d3       88%         1
 Searing Ray              Conj           0%         2d4       95%         2
 Sublimation of Blood     Necr           0%         N/A       95%         2
 Swiftness                Air            0%         N/A       99%         3
 Airstrike                Air            0%         2d(0-16)  100%        4
 Fulminant Prism          Conj/Hex       0%         3d5       100%        4
 Petrify                  Tmut/Erth      0%         N/A       100%        4
 Irradiate                Conj/Tmut      0%         3d11      100%        5


Dungeon Overview and Level Annotations

Branches:
Dungeon (2/15)

Altars:
Qazlal

Annotations:
D:2 Jessica


Innate Abilities, Weirdness & Mutations

You have a pair of horns on your head.
You reflexively headbutt those who attack you in melee.


Message History

Jessica shouts!
Jessica is nearby!
Jessica is nearby!
You block Jessica's attack.
You barely miss Jessica.
Jessica hits you with a +4 dagger of venom.
You hit Jessica but do no damage. You block Jessica's attack.
You closely miss Jessica. Your headbutt misses Jessica.
Jessica mumbles some strange words.
Jessica blinks!
Jessica casts a spell.
Jessica blinks!
Jessica gestures at you while chanting. You resist with some effort.
Jessica very coldly says, "I hate your company."
Jessica hits you but does no damage.
You are poisoned.
You hit Jessica.
Jessica is heavily wounded.
You feel sick.
Jessica hits you with a +4 dagger of venom.
You are more poisoned.
You closely miss Jessica.
Jessica is heavily wounded.
You feel very sick.
Jessica shouts, "Stop bothering me, or I'll kill you!"
Jessica hits you with a +4 dagger of venom.
You are lethally poisoned!
You barely miss Jessica. You headbutt Jessica, but do no damage.
Jessica is heavily wounded.
You feel very sick. Jessica casts a spell at you. You resist with some effort.
You barely miss Jessica. Your headbutt misses Jessica.
Jessica is heavily wounded.
* * * LOW HITPOINT WARNING * * *
You feel very sick. Jessica gestures at you while chanting.
Pain shoots through your body!
You die...

#.##........##.# #.##..
#.#########.##.# #.##..
######'#### #.#.##.# #.##..
#.........# #.#.##.###.##..
#.........####.#.##.##...###
#.........'....#.##.##.#.#
#.........####.#.##.##.#.##
######'##.#....#....#..#..#
####'##.#@#..######.###.##
#.<...#.#@.?...###..#.#..#
#.....#.#.#.####...##.##..
#.....#.#####....###...###
#.....#.......)....†.#...#
#.....#.#####....###...###
#.....#.# ####...##.##..
####.##.# ###..#.#(.#
#.##.###########.###.##


You could see Jessica.

Vanquished Creatures
  A worm (D:2)
  A dart slug (D:2)
  An endoplasm (D:2)
  2 giant cockroaches (D:1)
  2 goblins (D:1)
  4 hobgoblins
  A jackal (D:1)
  3 kobolds (D:2)
  3 quokkas
  2 ball pythons
  6 bats (D:1)
  A frilled lizard (D:1)
  4 rats
31 creatures vanquished.

Notes
Turn   | Place    | Note
-------+----------+-------------------------------------------
     0 | D:1      | Peloso the Minotaur Fighter began the quest for the Orb.
     0 | D:1      | Reached XP level 1. HP: 19/19 MP: 0/0
   104 | D:1      | Reached XP level 2. HP: 27/27 MP: 1/1
   775 | D:2      | Found a stormy altar of Qazlal.
   908 | D:2      | Reached XP level 3. HP: 33/33 MP: 2/2
  1403 | D:2      | Noticed Jessica
  1414 | D:2      | Killed from afar by Jessica

Illustrated notes

Levels and vault maps discovered:
D:1:      dpeg_arrival_rooms_with_view, layout_basic, minmay_misc_feat_x,
          minivault_24, minmay_3d_cube
D:2:      minmay_general_purpose_star, layout_basic, basic_altar, uniq_jessica

Skill      XL: |  1  2 |
---------------+-------+-----
Armour         | 4 |  4.3
Fighting       | 4 |  4.0
Long Blades    | 3 |  3.1
Shields        | |  3.8

Action                     || total
---------------------------++-------
  Melee: Long sword        ||    84
         Headbutt          ||     8
    Use: Potion            ||     5
 Armour: Scale mail        ||    45
  Dodge: Dodged            ||    42
  Block: Buckler           ||    20
